 Dungeon Crawl Stone Soup version 0.28-a0-998-gb9e9c7b67e (webtiles) character file.

Game seed: 15061491483738661332

154 ytrimaz the Insei (level 5, -4/34 HPs)
             Began as an Octopode Transmuter on Dec 5, 2021.
             Slain by a gnoll (8 damage)
             ... on level 3 of the Dungeon.
             The game lasted 00:02:53 (3531 turns).

ytrimaz the Insei (Octopode Transmuter)             Turns: 3531, Time: 00:02:54

Health: -4/34      AC:  1    Str: 15    XL:     5   Next: 35%
Magic:  10/10      EV: 13    Int: 18    God:
Gold:   109        SH:  0    Dex: 12    Spells: 6/10 levels left

rFire   . . .      SeeInvis .     - Unarmed
rCold   . . .      Faith    .   (no shield)
rNeg    . . .      Spirit   .   (helmet restricted)
rPois   .          Reflect  .   (no amulet)
rElec   .          Harm     .   b - +6 ring of strength
rCorr   .          Rampage  .   (no ring)
Will    .....                   (no ring)
Stlth   ++........              (no ring)
HPRegen 0.11/turn               (no ring)
MPRegen 0.12/turn               (no ring)
                                (no ring)
                                (no ring)

@: no status effects
A: almost no armour, amphibious, 8 rings, camouflage 1, gelatinous body 1,
(nimble swimmer 1), tentacles
a: no special abilities


You were on level 3 of the Dungeon.
You visited 1 branch of the dungeon, and saw 3 of its levels.

You collected 109 gold pieces.

Inventory:

Jewellery
 b - a +6 ring of strength (left tentacle)
Wands
 a - a wand of polymorph (12)
Scrolls
 c - a scroll of fear
Potions
 d - a potion of heal wounds


   Skills:
 * Level 1.8 Fighting
 - Level 2.0 Dodging
 + Level 3.6 Unarmed Combat
 * Level 3.4 Spellcasting
 * Level 3.3 Transmutations


You had 6 spell levels left.
You knew the following spells:

 Your Spells              Type           Power      Damage    Failure   Level
a - Beastly Appendage     Tmut           30%        N/A       4%          1
b - Spider Form           Tmut/Pois      9%         N/A       24%         3

Your spell library contained the following spells:

 Spells                   Type           Power      Damage    Failure   Level
 Wereblood                Tmut           15%        N/A       6%          2
 Ice Form                 Ice/Tmut       9%         N/A       61%         4


Dungeon Overview and Level Annotations

Branches:
Dungeon (3/15)

Altars:


Innate Abilities, Weirdness & Mutations

You cannot wear most types of armour.
You are amphibious.
You can wear up to eight rings at the same time.
Your skin changes colour to match your surroundings (Stealth+).
Your rubbery body absorbs attacks. (AC +1, EV +1)
((You are camouflaged near water. (Stealth+)))
You have tentacles for arms and can constrict up to eight enemies at once.


Message History

Found a stone staircase leading down.
There is a stone staircase leading down here.
A goblin comes into view. It is wielding a +0 club.
A goblin is nearby!
A goblin is nearby!
One of your tentacles grows a vicious spike.
The goblin shouts!
You tentacle-slap the goblin. You grab the goblin.
You pierce the goblin.
You kill the goblin!
You see here a +0 club.
You see here a +0 club.
Your transformation is almost over.
Your tentacle spike disappears.
A gnoll is nearby!
A gnoll is nearby!
A gnoll is nearby!
One of your tentacles grows a vicious spike.
The gnoll shouts!
The gnoll throws a stone.
The stone barely misses you. The gnoll barely misses you.
The gnoll hits you with a +0 spear! The gnoll misses you.
The gnoll hits you with a +0 spear.
Unknown command.
You tentacle-slap the gnoll. Your grab misses the gnoll.
The gnoll is heavily wounded.
The gnoll barely misses you. The gnoll hits you with a +0 flail.
You completely miss the gnoll. Your grab misses the gnoll.
Your tentacle spike misses the gnoll.
The gnoll is heavily wounded.
The gnoll hits you with a +0 spear! The gnoll hits you with a +0 flail!
* * * LOW HITPOINT WARNING * * *
Unknown command.
Unknown command.
The gnoll completely misses you.
Your transformation is almost over.
Your tentacle spike disappears.
The gnoll throws a stone.
The stone hits you.
* * * LOW HITPOINT WARNING * * *
The gnoll hits you with a +0 spear!
You die...

#................#
##....#.###########
# #.#......#
#.##.#...#.#..#
#.............#
###.##.##.##.#
#.##g##.# ...
#.......# ####
##..@####
####...g.##
..........#
####.....########
##.<...g†....#######
##....#####........
#.##.# #)#######
#.#...# #)#
#..###.###g#


You could see 2 gnolls.

Vanquished Creatures
  A gnoll shaman (D:3)
  2 gnolls (D:3)
  4 adders
  A worm (D:3)
  3 dart slugs
  4 bats
  7 endoplasms
  5 giant cockroaches
  10 goblins
  6 hobgoblins
  2 jackals (D:1)
  3 ball pythons
  A frilled lizard (D:1)
  6 kobolds (D:1)
  3 rats
58 creatures vanquished.

Notes
Turn   | Place    | Note
-------+----------+-------------------------------------------
     0 | D:1      | ytrimaz the Octopode Transmuter began the quest for the
                  | Orb.
     0 | D:1      | Reached XP level 1. HP: 13/13 MP: 3/3
   331 | D:1      | Reached XP level 2. HP: 15/18 MP: 3/5
   948 | D:1      | Reached XP level 3. HP: 22/23 MP: 4/6
  1629 | D:2      | Learned a level 3 spell: Spider Form
  1925 | D:2      | Reached XP level 4. HP: 27/28 MP: 5/8
  2908 | D:3      | HP: 1/29 [gnoll shaman (7)]
  2911 | D:3      | Reached XP level 5. HP: 2/34 MP: 3/9
  3531 | D:3      | Slain by a gnoll

Illustrated notes

Levels and vault maps discovered:
D:1:      eino_arrival_cavern_b, layout_basic, st_stairs_6
D:2:      minmay_chambers_of_ones, layout_loops_cross
D:3:      layout_loops_ring, mainiacjoe_overflow_alcove_1,
          hellmonk_ecumenical_altar_crossroads, kennysheep_generic_room_6

Skill      XL: |  1  2  3  4 |
---------------+-------------+-----
Transmutations | 3 |  3.3
Spellcasting   | 3 |  3.4
Fighting       | |  1.8
Dodging        | |  2.0
Unarmed Combat | |  3.6

Action                   |  1- 3 |  4- 6 || total
-------------------------+-------+-------++-------
Melee: Unarmed           |    84 |    43 ||   127
       Constrict         |    17 |     9 ||    26
       Kick              |    16 |     6 ||    22
       Tentacles         |    13 |     5 ||    18
       Punch             |     1 |       ||     1
 Cast: Beastly Appendage |    28 |    14 ||    42
       Spider Form       |     1 |     2 ||     3
  Use: Scroll            |     5 |     2 ||     7
       Potion            |       |     2 ||     2
 Stab: Sleeping          |     2 |       ||     2
Armor: Skin              |     7 |     2 ||     9
Dodge: Dodged            |    47 |    30 ||    77

Table legend: (Time is in decaauts)
 A = Elapsed time spent in this place.
 B = Non-inter-level travel time spent in this place.
 C = Inter-level travel time spent in this place.
 D = Time resting spent in this place.
 E = Time spent auto-exploring this place.
 F = Levels seen in this place.
 G = Mean time per level.
                   A        B        C        D        E       F      G
               +--------+--------+--------+--------+--------+-----+--------+
         Total |   3522 |   3438 |     84 |    401 |   2525 |   3 | 1174.0 |
       Dungeon |   3522 |   3438 |     84 |    401 |   2525 |   3 | 1174.0 |
               +--------+--------+--------+--------+--------+-----+--------+

Top non-repeatable levels by time:
     D:1: 1571 daAuts
     D:2: 1485 daAuts
     D:3: 465 daAuts
